 Dungeon Crawl Stone Soup version 0.30.1-4-g462c640d31 (webtiles) character file.

Game seed: 86845430179652908

3002 Gorgoleon the Severer (level 9, -7/111 HPs)
             Began as a Hill Orc Berserker on Aug 17, 2023.
             Was a Priest of Trog.
             Killed from afar by a gargoyle (23 damage)
             ... with a stone arrow
             ... on level 7 of the Dungeon.
             The game lasted 00:18:12 (7206 turns).

Gorgoleon the Severer (Hill Orc Berserker)          Turns: 7206, Time: 00:18:13

Health: -7/111     AC: 14    Str: 24    XL:     9   Next: 84%
Magic:  9/9        EV: 11    Int: 13    God:    Trog [***...]
Gold:   412        SH:  0    Dex: 10    Spells: 8/8 levels left

rFire   . . .        d - +0 war axe (chaos)
rCold   . . .        (no shield)
rNeg    . . .        r - +4 ring mail {Will+}
rPois   .            o - +0 helmet
rElec   .            (no cloak)
rCorr   .            a - +2 pair of gloves {Stlth+}
SInv    .            (no boots)
Will    +++..        (no amulet) Stlth
                     m - +6 ring of intelligence
HPRegen 1.38/turn    (no ring)
MPRegen 0.11/turn

%: no passive effects
@: berserking, strong-willed, regenerating, very quick
A: no striking features
a: Renounce Religion, Berserk, Trog's Hand


You were on level 7 of the Dungeon.
You worshipped Trog.
Trog was most pleased with you.
You visited 2 branches of the dungeon, and saw 8 of its levels.

You collected 412 gold pieces.

Inventory:

Hand Weapons
 d - a +0 war axe of chaos (weapon)
 f - a +0 whip of electrocution
Armour
 a - a +2 pair of gloves of stealth (worn)
 o - a +0 helmet (worn)
 r - a +4 ring mail of willpower (worn)
Jewellery
 m - a +6 ring of intelligence (left hand)
Wands
 k - a wand of roots (14)
 p - a wand of mindburst (16)
 q - a wand of paralysis (16)
Scrolls
 i - 4 scrolls of blinking
 j - 3 scrolls of teleportation
 l - 2 scrolls of butterflies
 n - a scroll of identify
 s - a scroll of fear {unknown}
Potions
 b - a potion of mutation
 e - 2 potions of flight
 g - a potion of magic
 h - 2 potions of invisibility


   Skills:
 * Level 5.1 Fighting
 - Level 16.0 Axes
 * Level 4.1 Armour
 * Level 2.0 Dodging
 * Level 2.1 Evocations


You had 8 spell levels left.
You didn't know any spells.
Your spell library was empty.

Dungeon Overview and Level Annotations

Branches:
Dungeon (7/15)             Temple (1/1) D:4

Altars:
Ashenzari
Cheibriados
Dithmenos
Elyvilon
Fedhas
Gozag
Hepliaklqana
Kikubaaqudgha
Makhleb
Nemelex Xobeh
Okawaru
Qazlal
Ru
Sif Muna
Trog
Uskayaw
Vehumet
Xom
Yredelemnul
Zin
The Shining One

Annotations:
D:7 3 runed translucent doors, erynZofia's ghost, novice KoEn; hawla's ghost, novice MeFE; spardeous's ghost, novice DgCj


Message History

You feel yourself slow down.
Training target 5.0 for Fighting reached!
Training target 4.0 for Armour reached!
Your Fighting skill increases to level 5!
Your Armour skill increases to level 4!
You need to enable at least one skill for training.
Items here: )) [ ††.
Okay, then.
You feel the effects of Trog's Hand fading.
Your skin stops crawling.
You feel less strong-willed.
You feel yourself speed up.
You recover from your berserk rage.
A gargoyle comes into view. It is wielding a +0 mace.
The gargoyle barely misses you.
You barely miss the gargoyle.
The gargoyle hurls a stone arrow at you.
The stone arrow hits you!!
You completely miss the gargoyle.
The gargoyle hurls a stone arrow at you.
The stone arrow hits you.
The gargoyle hurls a stone arrow at you.
The stone arrow hits you!
Okay, then.
You feel better.
The gargoyle hurls a stone arrow at you.
The stone arrow hits you!
Your skin crawls.
You feel strong-willed.
The gargoyle hurls a stone arrow at you.
The stone arrow hits you!!
* * * LOW HITPOINT WARNING * * *
A red film seems to cover your vision as you go berserk!
You feel yourself moving faster!
You feel mighty!
You can no longer call in reinforcements.
The gargoyle hurls a stone arrow at you.
The stone arrow hits you.
* * * LOW HITPOINT WARNING * * *
The gargoyle hurls a stone arrow at you.
The stone arrow hits you!!
You die...

.....# #g..#
#..'.......# .#...#
#.#####..##.#..(.#
....##
#gg.....###.##.#.#
.##.# ##.....##
#......# .##.#
##...## ######.#
.##.# ##)## #.#
.##.# #.# #.# .##.#
##.##### #.# ....#
#..9.@.# #.# .####
##..9##.#######.#
.#
#..........[))..#
.########
##...##.#########
........# #...##.#
#######.####...##.#
#...........#
#######.##### #.#


You could see 2 gargoyles.

Vanquished Creatures
  A two-headed ogre (D:7)
  Grinder (D:4)
  A troll (D:7)
  A steam dragon (D:7)
  A water moccasin (D:7)
  Duvessa (D:7)
  2 black bears
  A centaur (D:5)
  2 phantoms
  A gnoll sergeant (D:7)
  A bullfrog (D:7)
  2 scorpions
  Dowan (D:7)
  3 killer bees (D:7)
  4 hounds
  5 orc priests
  A gnoll bouda (D:6)
  Ijyb (D:5)
  3 iguanas
  A sleepcap (D:4)
  Natasha (thrice) (D:2)
  4 orc wizards
  4 adders
  6 gnolls
  2 ufetubi (D:5)
  4 worms
  4 dart slugs
  34 orcs
  12 ball pythons
  6 endoplasms
  A giant cockroach (D:2)
  6 goblins
  8 hobgoblins
  4 jackals
  2 quokkas
  5 bats
  2 frilled lizards
  2 kobolds (D:1)
  6 rats
149 creatures vanquished.

Vanquished Creatures (others)
  A human (D:4)
1 creature vanquished.

Grand Total: 150 creatures vanquished

Notes
Turn   | Place    | Note
-------+----------+-------------------------------------------
     0 | D:1      | Gorgoleon the Hill Orc Berserker began the quest for the
                  | Orb.
     0 | D:1      | Reached XP level 1. HP: 19/19 MP: 1/1
   173 | D:1      | Reached XP level 2. HP: 22/26 MP: 2/2
   251 | D:1      | Reached skill level 5 in Axes
   860 | D:2      | Reached XP level 3. HP: 13/31 MP: 3/3
  1109 | D:2      | Noticed Natasha
  1122 | D:2      | Killed Natasha
  1123 | D:2      | Reached skill level 6 in Axes
  1190 | D:2      | Noticed Natasha
  1195 | D:2      | Killed Natasha
  1196 | D:2      | Reached XP level 4. HP: 39/39 MP: 4/4
  1280 | D:2      | Found a hide-covered altar of Uskayaw.
  1612 | D:2      | Noticed Natasha
  1625 | D:2      | Killed Natasha
  1626 | D:2      | Reached skill level 7 in Axes
  1854 | D:3      | Reached XP level 5. HP: 29/45 MP: 5/5
  1911 | D:3      | Reached ** piety under Trog
  2142 | D:3      | Found a faded altar of an unknown god.
  2446 | D:3      | Reached skill level 8 in Axes
  2446 | D:3      | Reached skill level 1 in Evocations
  2710 | D:4      | Reached XP level 6. HP: 51/51 MP: 6/6
  2736 | D:4      | Noticed Grinder
  2758 | D:4      | Killed Grinder
  2759 | D:4      | Reached skill level 9 in Axes
  2759 | D:4      | Reached XP level 7. HP: 57/57 MP: 7/7
  2961 | D:4      | Reached skill level 10 in Axes
  3015 | D:4      | Found a staircase to the Ecumenical Temple.
  3022 | Temple   | Entered the Ecumenical Temple
  3090 | D:4      | Found a shimmering blue altar of Sif Muna.
  3091 | D:4      | Found a blossoming altar of Fedhas.
  3117 | D:4      | Reached *** piety under Trog
  3208 | D:4      | Reached skill level 11 in Axes
  3248 | D:4      | Found an ancient bone altar of Kikubaaqudgha.
  3251 | D:4      | Noticed a human
  3252 | D:4      | Killed a human
  3478 | D:5      | Entered Level 5 of the Dungeon
  3702 | D:5      | Noticed Ijyb
  3718 | D:5      | Killed Ijyb
  3859 | D:5      | Reached XP level 8. HP: 25/64 MP: 8/8
  4119 | D:5      | Reached skill level 12 in Axes
  5124 | D:6      | Found a hazy altar of Hepliaklqana.
  5692 | D:6      | Reached skill level 13 in Axes
  6048 | D:7      | Reached **** piety under Trog
  6238 | D:7      | Found a glowing silver altar of Zin.
  6329 | D:7      | Reached skill level 14 in Axes
  6485 | D:7      | Found a hide-covered altar of Uskayaw.
  6511 | D:7      | Reached XP level 9. HP: 48/70 MP: 9/9
  6525 | D:7      | Noticed Duvessa
  6525 | D:7      | Noticed Dowan
  6537 | D:7      | Killed Duvessa
  6538 | D:7      | Reached skill level 15 in Axes
  6543 | D:7      | Killed Dowan
  6785 | D:7      | Found a runed translucent gate.
  6785 | D:7      | Found a runed translucent gate.
  6785 | D:7      | Found a runed translucent gate.
  6789 | D:7      | Noticed hawla's ghost (novice MeFE)
  6789 | D:7      | Noticed spardeous's ghost (novice DgCj)
  6789 | D:7      | Noticed erynZofia's ghost (novice KoEn)
  7088 | D:7      | Noticed a troll
  7089 | D:7      | Noticed a two-headed ogre
  7089 | D:7      | Noticed a gargoyle
  7122 | D:7      | Killed a two-headed ogre
  7123 | D:7      | Reached skill level 16 in Axes
  7124 | D:7      | Killed a troll
  7125 | D:7      | Reached skill level 5 in Fighting
  7194 | D:7      | Noticed a gargoyle
  7206 | D:7      | Killed from afar by a gargoyle

Illustrated notes

Levels and vault maps discovered:
D:1:      grunt_arrival_lava_bath, layout_basic
D:2:      layout_loops_cross, basic_altar, uniq_natasha
D:3:      layout_rooms, shapermc_ecumenical_altar_mp_ritualfount
D:4:      layout_cave_pools, gammafunk_temple_overflow_pools, tgw_kikubaaqudgha,
          minmay_temple_entry_statues_pillars, dk_noncrumbling_4, uniq_grinder
D:5:      layout_gridville, roderic_serpentine_path, uniq_ijyb
D:6:      layout_basic, mainiacjoe_overflow_six_doors_small,
          portal_sewer_entry_d
D:7:      minmay_blocky_corners, layout_loops_corners,
          nicolae_uskayaw_dance_hall, old_standard_altar,
          gammafunk_ghost_cemetery, solitary_fountain, uniq_duvessa
Temple:   minmay_freezing_vapour_temple

Skill      XL: |  1  2  3  4  5  6  7  8  9 |
---------------+----------------------------+-----
Axes           | 5 6 7 8 9 11 14 16 | 16.0
Evocations     | 1 2 |  2.1
Fighting       | 5 |  5.1
Armour         | 4 |  4.1
Dodging        | 2 |  2.0

Action                     |  1- 3 |  4- 6 |  7- 9 || total
---------------------------+-------+-------+-------++-------
  Melee: Hand axe          |    78 |   152 |   187 ||   417
         Punch             |     1 |     1 |     5 ||     7
         War axe           |       |       |   174 ||   174
  Throw: Throwing net      |       |     1 |       ||     1
 Invoke: Berserk           |     2 |     2 |     4 ||     8
         Trog's Hand       |       |       |     3 ||     3
    Use: Scroll            |       |    10 |     7 ||    17
         Potion            |       |       |     4 ||     4
   Stab: Distracted        |       |     1 |     1 ||     2
         Sleeping          |       |     1 |       ||     1
         Confused          |       |       |     2 ||     2
 Armour: Animal skin       |    15 |     6 |       ||    21
         Ring mail         |       |    32 |   132 ||   164
  Dodge: Dodged            |    47 |    77 |   171 ||   295
